 Dungeon Crawl Stone Soup version 0.25-a0-340-ga1faa1601d (webtiles) character file.

Game seed: 14325779385566478105, levelgen mode: classic

1391 Borgoz the Cudgeler (level 8, -2/52 HPs)
             Began as a Gargoyle Fighter on Dec 30, 2019.
             Slain by an orc warrior
             ... wielding a +0 battleaxe
              (13 damage)
             ... on level 6 of the Dungeon.
             The game lasted 00:06:43 (4706 turns).

Borgoz the Cudgeler (Gargoyle Fighter)              Turns: 4706, Time: 00:06:43

Health: -2/52      AC: 21    Str: 21    XL:     8   Next: 68%
Magic:  8/8        EV:  7    Int:  8    God:
Gold:   291        SH:  9    Dex: 11    Spells: 7/7 levels left

rFire    . . .     SeeInvis .   r - +1 flail (protect)
rCold    + . .     Gourm    .   c - +0 shield
rNeg     + . .     Faith    .   b - +1 scale mail
rPois    ∞         Spirit   .   (no helmet)
rElec    +         Reflect  .   (no cloak)
rCorr    .         Harm     .   (no gloves)
MR       .....                  (no boots)
Stlth    ..........             (no amulet)
HPRegen  0.17/turn              i - ring of protection from cold
MPRegen  0.11/turn              (no ring)

@: about to teleport, protection aura, very slightly contaminated, invisible
A: negative energy resistance 1, electricity resistance, unbreathing,
petrification resistance, rot immunity, AC +5
a: no special abilities


You were on level 6 of the Dungeon.
You were very hungry.

You visited 1 branch of the dungeon, and saw 6 of its levels.
You also visited: Sewer.

You collected 291 gold pieces.

Inventory:

Hand Weapons
 r - a +1 flail of protection (weapon)
Armour
 b - a +1 scale mail (worn)
 c - a +0 shield (worn)
Jewellery
 i - a ring of protection from cold (left hand)
Wands
 m - a wand of clouds (4)
 q - a wand of disintegration (17)
Scrolls
 d - 2 scrolls of remove curse
 h - 4 scrolls of teleportation
 l - a scroll of fog
 o - a scroll of enchant armour
Potions
 e - 3 potions of mutation
 g - a potion of magic
 k - 3 potions of haste
 p - a potion of resistance
Comestibles
 f - 7 rations


   Skills:
 + Level 6.5 Fighting
 * Level 7.6 Maces & Flails
 + Level 6.5 Armour
 - Level 3.2 Shields


You had 7 spell levels left.
You didn't know any spells.
Your spell library was empty.

Dungeon Overview and Level Annotations

Branches:
Dungeon (6/15)              Sewer (visited)
 Temple: D:4-7

Altars:
Xom


Innate Abilities, Weirdness & Mutations

You are resistant to torment.
Your stone body is resilient. (AC +5)
You are immune to poison.
You resist negative energy. (rN+)
You are resistant to electric shocks. (rElec)
You can survive without breathing.
You are immune to petrification.
You are immune to rotting.


Message History

The gnoll hits you but does no damage.
The worker ant zombie closely misses you.
You block the orc's attack.
You catch the helpless orc warrior completely off-guard!
You hit the orc warrior but do no damage.
The orc warrior is moderately wounded.
The orc barely misses you. The gnoll barely misses you.
The worker ant zombie bites you.
* * * LOW HITPOINT WARNING * * *
Unknown command.
As you read the scroll of teleportation, it crumbles to dust.
You feel strangely unstable. The orc hits you with a +0 flail.
* * * LOW HITPOINT WARNING * * *
You block the worker ant zombie's attack.
You block the gnoll's attack. The orc hits you but does no damage.
Unknown command.
You closely miss the orc warrior.
The orc warrior is moderately wounded.
The orc warrior hits you with a +0 battleaxe!
You die...

.# #. .# . .# #
# #.##. .... ..
##..##...
#######o.......
......ooo.#
.######@#.# #Z#
# #g# #g# #..
#.. ... ....


You could see an orc warrior, 2 gnolls, 3 orcs and a worker ant zombie.

Vanquished Creatures
  Sigmund (D:5)
  Eustachio (D:4)
  An ice beast (D:5)
  2 ogres (D:4)
  A crocodile (Sewer)
  A centaur skeleton (D:5)
  A hound (D:4)
  A jelly (D:5)
  6 orc priests
  3 orc wizards
  An iguana (D:4)
  4 worker ants
  Natasha (thrice) (D:4)
  9 adders
  A gnoll (D:6)
  2 shadow imps (D:5)
  4 worms
  2 dart slugs
  5 leopard geckos
  14 orcs
  3 ball pythons
  6 giant cockroaches
  7 hobgoblins
  6 jackals
  2 quokkas
  3 bats
  5 frilled lizards
  4 goblins
  A jackal zombie (D:5)
  9 kobolds
  9 rats
118 creatures vanquished.

Notes
Turn   | Place    | Note
-------+----------+-------------------------------------------
     0 | D:1      | Borgoz the Gargoyle Fighter began the quest for the Orb.
     0 | D:1      | Reached XP level 1. HP: 14/14 MP: 1/1
   120 | D:1      | Reached XP level 2. HP: 15/19 MP: 2/2
   599 | D:1      | Reached XP level 3. HP: 20/23 MP: 3/3
   791 | D:2      | Reached skill level 3 in Maces & Flails
  1397 | D:2      | Reached XP level 4. HP: 29/29 MP: 4/4
  1398 | D:2      | You fall into a shaft and drop 2 floors!
  1399 | D:4      | Noticed an ogre
  1406 | D:4      | Killed an ogre
  1406 | D:4      | Reached skill level 4 in Maces & Flails
  1406 | D:4      | Reached XP level 5. HP: 21/33 MP: 5/5
  1554 | D:4      | Noticed Natasha
  1565 | D:4      | Killed Natasha
  1566 | D:4      | Reached XP level 6. HP: 24/39 MP: 6/6
  1586 | D:4      | Noticed Natasha
  1598 | D:4      | Killed Natasha
  2127 | D:3      | Found a shimmering altar of Xom.
  2624 | D:4      | Noticed Natasha
  2632 | D:4      | Killed Natasha
  2632 | D:4      | Reached skill level 5 in Maces & Flails
  2798 | D:4      | Noticed Eustachio
  2800 | D:4      | Reached skill level 5 in Fighting
  2800 | D:4      | Reached skill level 5 in Armour
  2800 | D:4      | Reached XP level 7. HP: 31/44 MP: 7/7
  2848 | D:4      | Killed Eustachio
  3098 | D:4      | Reached skill level 6 in Maces & Flails
  3391 | D:5      | Entered Level 5 of the Dungeon
  3437 | D:5      | Noticed Sigmund
  3449 | D:5      | Killed Sigmund
  3449 | D:5      | Reached XP level 8. HP: 45/51 MP: 8/8
  3653 | D:5      | Found a glowing drain.
  3717 | Sewer    | Entered a sewer
  3789 | Sewer    | Reached skill level 7 in Maces & Flails
  4706 | D:6      | Slain by an orc warrior

Levels and vault maps discovered:
D:1:      dpeg_arrival_orchard, layout_loops_cross, minmay_close_crescents
D:2:      layout_basic
D:3:      layout_loops_cross, lemuel_doored_altar
D:4:      layout_cave_pools, first_ration, uniq_eustachio, uniq_natasha
D:5:      layout_loops_ring, portal_sewer_entry_f, uniq_sigmund
D:6:      layout_loops_ring, ashenzari_conservatory_becter,
          minmay_temple_entry_sparse_star, serial_shops, shop

Skill      XL: |  1  2  3  4  5  6  7  8 |
---------------+-------------------------+-----
Maces & Flails | 3 4 5 6 7 |  7.6
Fighting       | 4 5 6 |  6.5
Armour         | 4 5 6 |  6.5
Shields        | |  3.2

Action                   |  1- 3 |  4- 6 |  7- 9 || total
-------------------------+-------+-------+-------++-------
Melee: Flail             |   135 |   140 |   277 ||   552
  Use: Potion            |       |     2 |     7 ||     9
       Scroll            |       |     4 |     7 ||    11
 Stab: Invisible         |       |       |     1 ||     1
  Eat: Chunk             |     1 |     4 |     7 ||    12
Armor: Scale mail        |    71 |    98 |   236 ||   405
Dodge: Dodged            |    36 |    57 |   124 ||   217
Block: Shield            |    78 |    71 |   176 ||   325

Table legend:
 A = Non-vault XP
 B = Vault XP
 C = Vault XP percentage of total XP
 D = Non-vault monster count
 E = Vault monster count
 F = Vault count percentage of total count
                 A         B        C        D         E       F
            +---------+---------+-------+---------+---------+-------
      Total |    1389 |     599 |  30.1 |      99 |      19 |  16.1
            +---------+---------+-------+---------+---------+-------
        D:1 |      30 |      10 |  25.0 |      18 |       5 |  21.7
        D:2 |      54 |       0 |   0.0 |      11 |       0 |   0.0
        D:3 |      51 |       0 |   0.0 |      17 |       0 |   0.0
        D:4 |     654 |     243 |  27.1 |      28 |       2 |   6.7
        D:5 |     508 |     232 |  31.4 |      22 |       6 |  21.4
        D:6 |      92 |       0 |   0.0 |       3 |       0 |   0.0
      Sewer |       0 |     114 | 100.0 |       0 |       6 | 100.0
            +---------+---------+-------+---------+---------+-------
